 Dungeon Crawl Stone Soup version 0.27.1 (webtiles) character file.

Game seed: 15691261311984686194

2 tghy71 the Sneak (level 1, -2/17 HPs)
             Began as a Ghoul Brigand on Aug 23, 2021.
             Slain by a quokka (3 damage)
             ... on level 1 of the Dungeon.
             The game lasted 00:05:14 (390 turns).

tghy71 the Sneak (Ghoul Brigand)                     Turns: 390, Time: 00:05:14

Health: -2/17      AC:  3    Str: 14    XL:     1   Next: 30%
Magic:  0/0        EV: 11    Int:  6    God:
Gold:   6          SH:  0    Dex: 10    Spells: 0/0 levels left

rFire    . . .     SeeInvis .   a - +2 dagger
rCold    + . .     Faith    .   (no shield)
rNeg     + + +     Spirit   .   b - +0 robe
rPois    ∞         Reflect  .   (no helmet)
rElec    .         Harm     .   c - +0 cloak
rCorr    .         Rampage  .   (no gloves)
Will     .....                  (no boots)
Stlth    ++........             (no amulet)
HPRegen  0.00/turn              (no ring)
MPRegen  0.07/turn              (no ring)

@: inhibited regen
A: claws 1, cold resistance 1, negative energy resistance 3, inhibited
regeneration, torment resistance 2
a: no special abilities


You were on level 1 of the Dungeon.
You visited 1 branch of the dungeon, and saw 1 of its levels.

You collected 6 gold pieces.

Inventory:

Hand Weapons
 a - a +2 dagger (weapon)
 f - a +0 dagger
 g - a +0 dagger
Missiles
 d - 8 poisoned darts (quivered)
 e - 2 curare-tipped darts
 h - 16 sling bullets
Armour
 b - a +0 robe (worn)
 c - a +0 cloak (worn)


   Skills:
 + Level 2.1 Fighting
 + Level 1.8 Short Blades
 + Level 1.7 Throwing
 + Level 0.8 Dodging
 + Level 4.4 Stealth


You couldn't memorise any spells.
You didn't know any spells.
Your spell library was empty.

Dungeon Overview and Level Annotations

Branches:
Dungeon (1/15)

Altars:


Innate Abilities, Weirdness & Mutations

You thrive by killing the living.
You are immune to poison.
You have sharp fingernails.
Your flesh is cold resistant. (rC+)
You are immune to negative energy. (rN+++)
You do not regenerate when monsters are visible.
You are immune to unholy pain and torment.


Message History

The bat barely misses you.
You hit the bat.
You kill the bat!
You feel better. The quokka misses you. The quokka bites you. x2
An endoplasm comes into view.
The endoplasm quivers.
The quokka misses you.
The quokka twitches its whiskers.
A frilled lizard comes into view.
The quokka barely misses you.
A dart slug comes into view.
Found a scroll labelled ULOCOI PAUTT.
Found a stone staircase leading down.
The quokka barely misses you.
The endoplasm jiggles.
The quokka bites you but does no damage.
Found 3 scrolls labelled OSECANLEGOI.
The quokka misses you. The quokka completely misses you.
The quokka bites you but does no damage.
Found 12 gold pieces.
The quokka closely misses you. The quokka bites you.
* * * LOW HITPOINT WARNING * * *
A hobgoblin comes into view.
The hobgoblin shouts!
You hear a shout!
Found a scroll labelled NAESOU GEGAO.
The quokka bites you.
* * * LOW HITPOINT WARNING * * *
Unknown command.
You are a level 1 Ghoul Brigand.
You are 30% of the way to level 2.
Play time: 00:04:56 (388 turns).
Zot will find you in 5614 turns if you stay in this branch and explore no new floors.
As you read the scroll labelled GEITAO ILUUT {Hi}, it crumbles to dust.
It is a scroll of amnesia.
You feel forgetful for a moment. The quokka bites you.
* * * LOW HITPOINT WARNING * * *
A hobgoblin comes into view.
You are too injured to fight recklessly!
You are too injured to fight recklessly!
You hit the quokka but do no damage. The quokka bites you.
You die...

##########'#####.###
#...#...#...# ..#
#.⌠.'.<.#...# ...
#...#...#...# #.#
##'###'###'## #.#
#...#...#...# ##.##
#...#...#...# ... #
#...#...#...# #.# #..
######'###'#####@## ....
#...#...#...#..rrg#..$..
'...'...#...####w.......
#...#...#...#..#.#......
#############...J#?.....
.................#......
..#...........>..# .....
..#..........?...# ...g.
..#.l...................


You could see a dart slug, an endoplasm, 2 quokkas and 2 hobgoblins.

Vanquished Creatures
  A hobgoblin (D:1)
  A bat (D:1)
2 creatures vanquished.

Notes
Turn   | Place    | Note
-------+----------+-------------------------------------------
     0 | D:1      | tghy71 the Ghoul Brigand began the quest for the Orb.
     0 | D:1      | Reached XP level 1. HP: 17/17 MP: 0/0
   390 | D:1      | Slain by a quokka

Illustrated notes

Levels and vault maps discovered:
D:1:      co_arrival_random_square_maze, layout_rooms

Action                   || total
-------------------------++-------
Melee: Dagger            ||     9
  Use: Scroll            ||     1
Armor: Robe              ||    12
Dodge: Dodged            ||    17
